 Dungeon Crawl Stone Soup version 0.20-b1-18-gaa2fd62 (webtiles) character file.

5340 Gorglomux the Basher (level 10, 0/68 HPs)
             Began as a Gargoyle Fighter on May 24, 2017.
             Was a Believer of the Shining One.
             Slain by an entropy weaver (10 damage)
             ... on level 10 of the Dungeon.
             The game lasted 00:10:11 (9096 turns).

Gorglomux the Basher (Gargoyle Fighter)             Turns: 9096, Time: 00:10:12

Health: 0/68       AC: 12    Str: 20    XL:     10   Next: 65%
Magic:  10/10      EV:  7    Int:  9    God:    the Shining One [**....]
Gold:   201        SH:  9    Dex: 12    Spells: 9/9 levels left

rFire    . . .     SeeInvis +   E - +1 morningstar
rCold    . . .     Gourm    .   c - +0 shield
rNeg     + + .     Faith    .   H - +0 scale mail (curse)
rPois    ∞         Spirit   .   (no helmet)
rElec    +         Reflect  .   y - +0 cloak
rCorr    +         Harm     .   (no gloves)
MR       .....                  e - +0 pair of boots
Stlth    ..........             (no amulet)
Regen    0.3/turn               q - ring of see invisible {sInv, !d}
MPRegen  0.2/turn               s - ring of resist corrosion

@: corroded, glowing
A: negative energy resistance 1, electricity resistance, unbreathing,
petrification resistance, rot immunity, AC +7
a: Divine Shield, Renounce Religion


You were on level 10 of the Dungeon.
You worshipped the Shining One.
The Shining One was pleased with you.
You were not hungry.

You visited 2 branches of the dungeon, and saw 11 of its levels.
You also visited: Sewer.

You collected 282 gold pieces.
You spent 81 gold pieces at shops.

Inventory:

Hand Weapons
 E - a +1 morningstar (weapon)
   (You took it off an orc on level 5 of the Dungeon)
Missiles
 g - 2 throwing nets {=f, !d}
Armour
 c - a +0 shield (worn)
 e - a +0 pair of boots (worn)
   (You found it on level 5 of the Dungeon)
 y - a +0 cloak (worn)
   (You found it on level 3 of the Dungeon)
 H - a cursed +0 scale mail (worn)
   (You found it in a sewer)
Jewellery
 q - a ring of see invisible (left hand) {sInv, !d}
   (You found it on level 2 of the Dungeon)
 s - a ring of resist corrosion (right hand)
   (You found it on level 2 of the Dungeon)
Wands
 b - a wand of flame (20/48)
   (You found it on level 7 of the Dungeon)
 n - a wand of clouds (0/9)
   (You found it on level 2 of the Dungeon)
 o - a wand of polymorph (6/24)
   (You found it on level 10 of the Dungeon)
 p - a wand of flame (20/48)
   (You found it on level 5 of the Dungeon)
 x - a wand of lightning (3/15)
   (You found it on level 3 of the Dungeon)
 D - a wand of iceblast (4/15)
   (You found it on level 5 of the Dungeon)
 N - a wand of acid (0/15)
   (You found it on level 8 of the Dungeon)
 S - a wand of polymorph (9/24)
   (You found it on level 8 of the Dungeon)
Scrolls
 h - 5 scrolls of teleportation
 i - 6 scrolls of remove curse
 j - a scroll of noise {!r}
 k - 2 scrolls of recharging
 m - a scroll of fog {unknown}
 B - 2 scrolls of magic mapping {!r}
 F - a scroll of enchant weapon
 K - 2 scrolls of brand weapon
 M - a scroll of enchant armour {unknown}
 P - a scroll of blinking {unknown}
 T - a scroll of fear {unknown}
 U - a scroll of amnesia {unknown}
Potions
 d - 2 potions of haste
 l - a potion of agility
 r - a potion of berserk rage {unknown}
 u - 4 potions of cancellation
 v - a potion of magic {unknown}
 w - a potion of heal wounds
 C - 3 potions of mutation {!q}
 L - 2 potions of flight
 R - 2 potions of curing
 X - a potion of lignification {!q}
Books
 t - a book of Misfortune
   (You found it on level 3 of the Dungeon)
 Q - a book of Maledictions
   (You found it on level 8 of the Dungeon)
Comestibles
 a - 2 chunks of flesh {@w0}
 f - 7 bread rations {@e1}
 A - 6 fruits
 G - 10 royal jellies
 I - a meat ration {@e2}


   Skills:
 + Level 10.3 Fighting
 * Level 12.5 Maces & Flails
 - Level 3.2 Armour
 - Level 3.2 Shields


You had 9 spell levels left.
You didn't know any spells.

Dungeon Overview and Level Annotations

Branches:
Dungeon (10/15)            Temple (1/1) D:4
   Lair: D:8-11         Orc: D:9-12

Altars:
Dithmenos
Elyvilon
Fedhas
Gozag
Hepliaklqana
Kikubaaqudgha
Nemelex Xobeh
Qazlal
Ru
Sif Muna
Trog
Uskayaw
Vehumet
Yredelemnul
Zin
The Shining One

Shops:
D:7 *


Innate Abilities, Weirdness & Mutations

You are resistant to torment.
Your stone body is resilient. (AC +7)
You are immune to poison.
You resist negative energy. (rN+)
You are resistant to electric shocks. (rElec)
You can survive without breathing.
You are immune to petrification.
You are immune to rotting.


Message History

You kill the yak!
You are too injured to fight recklessly!
The yak gores you.
You hit the yak.
You kill the yak!
You block the yak's attack.
The yak gores you but does no damage. x2
You see here a yak corpse.
You block the yak's attack.
You hit the yak. The yak gores you! The yak gores you but does no damage.
You sock the yak!
You kill the yak!
The yak gores you but does no damage. The yak gores you but does no damage.
You see here a yak corpse.
The yak gores you.
* * * LOW HITPOINT WARNING * * *
You bludgeon the yak!! You block the yak's attack.
You hit the yak. You block the yak's attack.
You puncture the yak! You block the yak's attack.
You hit the yak.
You kill the yak!
You see here a yak corpse.
You butcher the yak corpse.
a - 3 chunks of flesh {@w0} You see here a yak skeleton.
You start resting.
Eating one of 3 chunks of flesh {@w0}.
You eat one of the 3 chunks of flesh {@w0}.
A seven-headed hydra is nearby!
The seven-headed hydra is too close now for your liking.
You see here a yak skeleton.
A seven-headed hydra is nearby!
Aim: a seven-headed hydra (chance to defeat MR: 15%)
The seven-headed hydra resists with almost no effort.
Evoking this partially-identified wand wasted a few charges.
Okay, then.
Okay, then.
Aim: a seven-headed hydra (chance to defeat MR: 15%)
The seven-headed hydra resists with almost no effort.
Evoking this partially-identified wand wasted a few charges.
Aim: a seven-headed hydra (chance to defeat MR: 15%)
The seven-headed hydra evaporates and reforms as an entropy weaver!
Evoking this partially-identified wand wasted a few charges.
Really evoke
n - a wand of clouds (?/9) {zapped: 2}?
This could place you under penance!
Okay, then.
Really evoke
n - a wand of clouds (?/9) {zapped: 2}?
This could place you under penance!
Aim: an entropy weaver Nothing appears to happen.
The entropy weaver gestures wildly while chanting.
Aim: an entropy weaver (haloed)
The mass of ice explodes!
The iceblast engulfs the entropy weaver.
Evoking this partially-identified wand wasted a few charges.
Aim: an entropy weaver (haloed)
The mass of ice explodes!
The iceblast engulfs the entropy weaver.
Evoking this partially-identified wand wasted a few charges.
You thump the entropy weaver! The entropy weaver hits you!
You block the entropy weaver's attack. The entropy weaver hits you. x2
Unknown command.
Aim: an entropy weaver (lightly wounded, haloed)
The bolt of acid hits the entropy weaver.
The entropy weaver is splashed with acid.
The acid corrodes the entropy weaver!
Evoking this partially-identified wand wasted a few charges.
The entropy weaver hits you but does no damage.
The entropy weaver hits you. The entropy weaver barely misses you.
The entropy weaver hits you.
Aim: an entropy weaver (moderately wounded, covered in acid, haloed)
The bolt of acid hits the entropy weaver.
The entropy weaver is splashed with acid.
The acid corrodes the entropy weaver!
Evoking this partially-identified wand wasted a few charges.
The entropy weaver barely misses you. You block the entropy weaver's attack.
The entropy weaver hits you but does no damage. x2
The entropy weaver gestures wildly while chanting.
The entropic weave corrodes you!
Aim: an entropy weaver (heavily wounded, covered in acid, haloed)
The bolt of acid hits the entropy weaver.
The entropy weaver is splashed with acid.
Evoking this partially-identified wand wasted a few charges.
The entropy weaver hits you but does no damage.
The entropy weaver hits you.
* * * LOW HITPOINT WARNING * * *
The entropy weaver hits you but does no damage.
You block the entropy weaver's attack.
Aim: an entropy weaver (severely wounded, covered in acid, haloed) Nothing appears to happen.
The entropy weaver hits you.
* * * LOW HITPOINT WARNING * * *
The entropy weaver barely misses you. The entropy weaver hits you!
* * * LOW HITPOINT WARNING * * *
The entropy weaver hits you but does no damage.
Unknown command.
Okay, then.
You feel much better. The entropy weaver hits you! The entropy weaver hits you.
* * * LOW HITPOINT WARNING * * *
The entropy weaver hits you!
* * * LOW HITPOINT WARNING * * *
The entropy weaver hits you!
You die...

..## #.#..#####'##..# ...#
#.#..##....##..# ...###
#.#...#....##..# .....#
#.##.......##..# .....#
#.##.......##..# .....#
#.##.).....##..# .....#
#.##..######...#
.....#####.##...####....#
....).....÷....a@.......#
..##...##.######..#.....#
####...#..# ##.#.....##
..###....## #..#.....# ..#
#....######.##..>.###
..###...........##......###
....#.D.###...####........####
.............................#
.....).......................#


You could see an entropy weaver.

Vanquished Creatures
  Erica (D:8)
  A centaur zombie (D:10)
  A queen bee (D:8)
  The ghost of Gorglomux the Cudgeler, an amateur GrFi of Elyvilon (D:5)
  4 yaks (D:10)
  2 ice beasts
  An orc warrior (D:8)
  A necrophage (D:7)
  A black bear (D:6)
  A phantom (D:5)
  An ogre (D:5)
  A crocodile (Sewer)
  3 centaurs
  3 bullfrogs
  4 gnoll sergeants (D:10)
  A scorpion (D:9)
  14 killer bees
  3 crimson imps
  A bullfrog zombie (D:8)
  3 hounds
  2 gnoll shamans (D:10)
  A jelly (D:9)
  5 orc priests
  2 centaur skeletons
  4 orc wizards
  2 bullfrog skeletons
  Terence (D:2)
  3 iguanas
  4 worker ants
  2 hound skeletons
  20 gnolls
  A howler monkey skeleton (D:5)
  A worker ant zombie (D:10)
  8 adders
  2 shadow imps
  An ooze (D:2)
  An adder zombie (D:8)
  An adder skeleton (D:6)
  3 worms
  3 leopard geckos
  25 orcs
  3 ball pythons
  5 giant cockroaches
  9 goblins
  10 hobgoblins
  11 jackals
  10 kobolds
  2 quokkas
  4 bats
  2 frilled lizards (D:1)
  A quokka zombie (D:5)
  9 rats
206 creatures vanquished.

Notes
Turn   | Place    | Note
-------+----------+-------------------------------------------
     0 | D:1      | Gorglomux the Gargoyle Fighter began the quest for the Orb.
     0 | D:1      | Reached XP level 1. HP: 14/14 MP: 1/1
   127 | D:1      | Reached XP level 2. HP: 16/19 MP: 2/2
   726 | D:1      | Reached skill level 3 in Maces & Flails
   876 | D:2      | Noticed Terence
   892 | D:2      | Killed Terence
   892 | D:2      | Reached XP level 3. HP: 24/24 MP: 3/3
  1206 | D:2      | Reached XP level 4. HP: 29/29 MP: 4/4
  1462 | D:3      | Reached skill level 4 in Fighting
  1649 | D:3      | Found a faded altar of an unknown god.
  1762 | D:3      | Reached skill level 4 in Maces & Flails
  1762 | D:3      | Reached XP level 5. HP: 28/34 MP: 5/5
  2135 | D:3      | Reached skill level 5 in Fighting
  2355 | D:3      | Reached skill level 5 in Maces & Flails
  2355 | D:3      | Reached XP level 6. HP: 40/40 MP: 6/6
  2451 | D:3      | Found a sacrificial altar of Ru.
  2725 | D:4      | Found a staircase to the Ecumenical Temple.
  2825 | Temple   | Entered the Ecumenical Temple
  2977 | Temple   | Became a worshipper of the Shining One
  3662 | D:5      | Entered Level 5 of the Dungeon
  3685 | D:5      | Reached XP level 7. HP: 43/45 MP: 7/7
  3750 | D:5      | Reached skill level 6 in Maces & Flails
  3827 | D:5      | Noticed Gorglomux's ghost (amateur GrFi)
  4280 | D:5      | Killed Gorglomux's ghost
  4280 | D:5      | Reached skill level 6 in Fighting
  4280 | D:5      | Reached skill level 7 in Maces & Flails
  4333 | D:5      | Reached XP level 8. HP: 23/52 MP: 8/8
  4833 | D:6      | Reached skill level 8 in Maces & Flails
  4839 | D:6      | Reached skill level 7 in Fighting
  4890 | D:6      | Reached * piety under the Shining One
  5075 | D:6      | Found an opulent altar of Gozag.
  5224 | D:6      | Found a glowing drain.
  5277 | Sewer    | Entered a sewer
  5718 | D:7      | Reached skill level 9 in Maces & Flails
  6009 | D:7      | Found Perof's Assorted Antiques.
  6017 | D:7      | Bought a scroll labeled FECRAE BUERU for 21 gold pieces
  6017 | D:7      | Bought a scroll labeled TYHUKK FA HUA for 21 gold pieces
  6017 | D:7      | Bought an inky potion for 18 gold pieces
  6017 | D:7      | Bought a scroll labeled ZEYSUI ENELOD for 21 gold pieces
  6291 | D:8      | Noticed Erica
  6299 | D:8      | Killed Erica
  6299 | D:8      | Reached skill level 8 in Fighting
  6299 | D:8      | Reached skill level 10 in Maces & Flails
  6299 | D:8      | Reached XP level 9. HP: 44/60 MP: 9/9
  6547 | D:8      | Reached ** piety under the Shining One
  6728 | D:8      | Reached skill level 9 in Fighting
  6757 | D:7      | HP: 14/60 [killer bee (6)]
  6761 | D:7      | Reached skill level 11 in Maces & Flails
  6985 | D:8      | Noticed a queen bee
  6995 | D:8      | Killed a queen bee
  6995 | D:8      | Reached XP level 10. HP: 42/66 MP: 10/10
  7331 | D:8      | Found a sacrificial altar of Ru.
  7334 | D:8      | Found a shadowy altar of Dithmenos.
  7336 | D:8      | Found an ancient bone altar of Kikubaaqudgha.
  8185 | D:10     | Entered Level 10 of the Dungeon
  8697 | D:10     | Reached skill level 12 in Maces & Flails
  8706 | D:10     | Reached skill level 10 in Fighting
  8811 | D:10     | Noticed a seven-headed hydra
  9087 | D:10     | Noticed an entropy weaver
  9087 | D:10     | a seven-headed hydra changed into an entropy weaver
  9094 | D:10     | HP: 16/68 [entropy weaver (6)]
  9095 | D:10     | HP: 4/68 [entropy weaver (9)]
  9096 | D:10     | Slain by an entropy weaver

Skill      XL: |  1  2  3  4  5  6  7  8  9 10 |
---------------+-------------------------------+-----
Maces & Flails | 3 4 5 7 10 11 12 | 12.5
Fighting       | 4 5 6 8 9 10 | 10.3
Armour         | |  3.2
Shields        | |  3.2

Action                   |  1- 3 |  4- 6 |  7- 9 | 10-12 || total
-------------------------+-------+-------+-------+-------++-------
Melee: Flail             |   108 |   268 |    24 |       ||   400
       Morningstar       |       |       |   291 |   165 ||   456
Evoke: Wand              |       |       |     1 |     8 ||     9
  Use: Potion            |     2 |       |     3 |     1 ||     6
       Scroll            |       |       |     2 |    15 ||    17
  Eat: Chunk             |       |     9 |    10 |     3 ||    22
       Fruit             |       |       |     1 |       ||     1
       Meat ration       |       |       |       |     1 ||     1
Armor: Scale mail        |    50 |       |   146 |   118 ||   314
       Skin              |     8 |       |    15 |       ||    23
       Chain mail        |       |   142 |   109 |       ||   251
Dodge: Dodged            |    23 |    49 |   122 |    64 ||   258
Block: Shield            |    53 |   127 |   180 |    91 ||   451

Vault maps used:
D:1:      shiori_arrival_elements
D:2:      uniq_terence
D:3:      first_bread, chequers_ecumenical_altar_simple,
          nicolae_ru_the_path_less_chosen
D:4:      minmay_temple_entry_crystal_x, kennysheep_generic_room_9
D:5:      hex_tiny, grunt_ministairs_5, minivault_27, bh_walls_and_bars
D:6:      gup_sewer_entry_glass, grunt_gozag_statues
D:7:      serial_shops, shop
D:8:      minitemple, david_nohive_1, uniq_erica
D:9:      kennysheep_nondescript
D:10:     david_lair_generic, serial_gnoll_camp, gnoll_camp_mini_sergeant,
          gnoll_camp_mini_shop, gnoll_camp_medium_02, gnoll_camp_huts_basic,
          doesnt_xom_only_xom
Temple:   dpeg_five_rooms_temple
Sewer:    sewer_the_crocodile

Table legend:
 A = Turns spent in this place as a percentage of turns spent in the entire game.
 B = Non-inter-level travel turns spent in this place as a percentage of non-inter-level travel turns spent in the entire game.
 C = Inter-level travel turns spent in this place as a percentage of turns spent in this place.
 D = Turns resting spent in this place as a percentage of non-inter-level travel turns spent in this place.
 E = Turns spent auto-exploring this place as a percentage of non-inter-level travel turns spent in this place.
 F = Non-inter-level travel turns spent in this place divided by the number of levels of this place that you've seen.
                   A       B       C       D       E      F
               +-------+-------+-------+-------+-------+----------------------
         Total | 100.0 | 100.0 |   0.5 |   1.1 |   8.4 | 290.4
       Dungeon |  97.3 |  97.3 |   0.4 |   1.1 |   8.1 | 339.2
        Temple |   0.4 |   0.4 |  13.3 |   0.0 |  61.5 |  13.0
         Sewer |   2.3 |   2.3 |   0.0 |   2.5 |  12.5 |  80.0
               +-------+-------+-------+-------+-------+----------------------

Table legend:
 A = Kills in this place as a percentage of kills in entire the game.
 B = Kills by you in this place as a percentage of kills by you in the entire game.
 C = Kills by friends in this place as a percentage of kills by friends in the entire game.
 D = Other kills in this place as a percentage of other kills in the entire game.
 E = Experience gained in this place as a percentage of experience gained in the entire game.
 F = Experience gained in this place divided by the number of levels of this place that you have seen.
                   A       B       C       D       E      F
               +-------+-------+-------+-------+-------+----------------------
         Total | 100.0 | 100.0 |  -nan |  -nan | 100.0 | 635.8
       Dungeon |  97.1 |  97.1 |  -nan |  -nan |  98.5 | 751.4
         Sewer |   2.9 |   2.9 |  -nan |  -nan |   1.5 | 115.0
               +-------+-------+-------+-------+-------+----------------------
